 Dungeon Crawl Stone Soup version 0.29.1-12-g30fa7ad0bf (webtiles) character file.

Game seed: 13001165875315238096

200 booth the Twirler (level 5, -4/47 HPs)
             Began as a Gnoll Wanderer on Jan 15, 2023.
             Was a Follower of Wu Jian.
             Slain by Terence
             ... wielding a +0 flail
              (11 damage)
             ... on level 2 of the Dungeon.
             The game lasted 00:10:39 (1364 turns).

booth the Twirler (Gnoll Wanderer)                  Turns: 1364, Time: 00:10:39

Health: -4/47      AC:  2    Str:  9    XL:     5   Next: 78%
Magic:  6/7        EV: 12    Int:  8    God:    Wu Jian [*.....]
Gold:   55         SH:  6    Dex: 19    Spells: 7/7 levels left

rFire   . . .      SeeInvis .   a - +2 dagger
rCold   . . .      Faith    .   d - +0 buckler
rNeg    . . .      Spirit   .   f - +0 robe
rPois   .          Reflect  .   (no helmet)
rElec   .          Harm     .   (no cloak)
rCorr   .          Rampage  .   (no gloves)
Will    .....                   (no boots)
Stlth   +++.......              (no amulet)
HPRegen 0.15/turn               (no ring)
MPRegen 0.10/turn               (no ring)

@: no status effects
A: fangs 1, strong nose, distributed training
a: Renounce Religion


You were on level 2 of the Dungeon.
You worshipped Wu Jian.
Wu Jian was aware of your devotion.
You visited 1 branch of the dungeon, and saw 2 of its levels.

You collected 55 gold pieces.

Inventory:

Hand Weapons
 a - a +2 dagger (weapon)
 c - a +0 quarterstaff
 k - a +0 mace
Armour
 d - a +0 buckler (worn)
 f - a +0 robe (worn)
 i - a +0 ring mail
Magical Staves
 g - a staff of poison
Scrolls
 b - a scroll of blinking
 o - a scroll of magic mapping {unknown}
 p - a scroll of summoning {unknown}
Potions
 e - a potion of haste
 h - a potion of cancellation {unknown}
 j - 2 potions of heal wounds
 l - 2 potions of flight
 n - a potion of curing {unknown}
 q - a potion of magic {unknown}
 r - a potion of attraction {unknown}


   Skills:
 + Level 6.7 Fighting
 + Level 1.7 Short Blades
 + Level 1.7 Long Blades
 + Level 1.7 Axes
 + Level 1.7 Maces & Flails
 + Level 1.7 Polearms
 + Level 6.7 Staves
 + Level 1.7 Ranged Weapons
 + Level 1.7 Throwing
 + Level 1.7 Armour
 + Level 1.7 Dodging
 + Level 4.5 Stealth
 + Level 4.9 Shields
 + Level 1.7 Unarmed Combat
 + Level 1.7 Spellcasting
 + Level 1.3 Conjurations
 + Level 1.3 Hexes
 + Level 1.3 Summonings
 + Level 1.3 Necromancy
 + Level 1.3 Translocations
 + Level 1.3 Transmutations
 + Level 1.3 Fire Magic
 + Level 1.3 Ice Magic
 + Level 1.3 Air Magic
 + Level 1.3 Earth Magic
 + Level 1.3 Poison Magic
 + Level 1.9 Invocations
 + Level 1.7 Evocations


You had 7 spell levels left.
You didn't know any spells.
Your spell library was empty.

Dungeon Overview and Level Annotations

Branches:
Dungeon (2/15)

Altars:
Wu Jian

Annotations:
D:2 Terence


Innate Abilities, Weirdness & Mutations

You have very sharp teeth.
Your uncanny sense of smell can sniff out nearby items.
Your experience applies equally to all skills.


Message History

Terence misses you.
You hit Terence but do no damage.
Terence is lightly wounded.
Terence barely misses you.
You hit Terence. You bite Terence, but do no damage.
Terence is heavily wounded.
You block Terence's attack.
You hit Terence but do no damage.
Terence is heavily wounded.
Terence barely misses you.
You hit Terence but do no damage.
Terence is heavily wounded.
Terence misses you.
You hit Terence but do no damage.
Terence is heavily wounded.
Terence closely misses you.
You hit Terence but do no damage.
Terence is heavily wounded.
Terence barely misses you.
You barely miss Terence.
Terence is heavily wounded.
Terence barely misses you.
You hit Terence but do no damage.
Terence is heavily wounded.
Terence hits you with a +0 flail!
You hit Terence but do no damage.
Terence is heavily wounded.
Terence closely misses you.
You completely miss Terence.
Terence is heavily wounded.
Terence barely misses you.
You hit Terence but do no damage. Your bite misses Terence.
Terence is heavily wounded.
You block Terence's attack.
You closely miss Terence.
Terence is heavily wounded.
Terence hits you with a +0 flail!
* * * LOW HITPOINT WARNING * * *
Terence attacks as you move away! Terence hits you with a +0 flail!
You die...

###
################.#
#(.().@@.........#
#.##############.#
#.# #.#######
#.#......
#.#.##### #.#.# #
##### ######.#.# #
#...#
#......#.#####


You could see Terence.

Vanquished Creatures
  Sigmund (D:2)
  Jessica (D:2)
  A dart slug (D:1)
  2 bats (D:1)
  2 endoplasms
  2 goblins
  3 hobgoblins (D:1)
  A kobold (D:1)
  5 ball pythons (D:1)
  3 frilled lizards (D:1)
  A rat (D:1)
22 creatures vanquished.

Notes
Turn   | Place    | Note
-------+----------+-------------------------------------------
     0 | D:1      | booth the Gnoll Wanderer began the quest for the Orb.
     0 | D:1      | booth set off with the following items: a +2 dagger, a
                  | scroll of blinking, a +0 quarterstaff, a +0 buckler, a
                  | potion of haste, a +0 robe.
     0 | D:1      | Reached XP level 1. HP: 23/23 MP: 1/1
   383 | D:1      | Reached XP level 2. HP: 28/29 MP: 2/2
   823 | D:1      | Found a faded altar of an unknown god.
   837 | D:1      | Prayed at the altar of an unknown god.
   837 | D:1      | Became a worshipper of the Wu Jian Council
   837 | D:1      | Reached * piety under Wu Jian
  1195 | D:2      | Noticed Sigmund
  1217 | D:2      | Noticed Jessica
  1220 | D:2      | Killed Jessica
  1221 | D:2      | Reached skill level 1 in Short Blades
  1221 | D:2      | Reached skill level 1 in Long Blades
  1221 | D:2      | Reached skill level 1 in Axes
  1221 | D:2      | Reached skill level 1 in Maces & Flails
  1221 | D:2      | Reached skill level 1 in Polearms
  1221 | D:2      | Reached skill level 1 in Ranged Weapons
  1221 | D:2      | Reached skill level 1 in Throwing
  1221 | D:2      | Reached skill level 1 in Armour
  1221 | D:2      | Reached skill level 1 in Dodging
  1221 | D:2      | Reached skill level 1 in Unarmed Combat
  1221 | D:2      | Reached skill level 1 in Spellcasting
  1221 | D:2      | Reached skill level 1 in Invocations
  1221 | D:2      | Reached skill level 1 in Evocations
  1221 | D:2      | Reached XP level 3. HP: 35/35 MP: 2/4
  1326 | D:2      | Noticed Terence
  1341 | D:2      | Killed Sigmund
  1342 | D:2      | Reached skill level 1 in Conjurations
  1342 | D:2      | Reached skill level 1 in Hexes
  1342 | D:2      | Reached skill level 1 in Summonings
  1342 | D:2      | Reached skill level 1 in Necromancy
  1342 | D:2      | Reached skill level 1 in Translocations
  1342 | D:2      | Reached skill level 1 in Transmutations
  1342 | D:2      | Reached skill level 1 in Fire Magic
  1342 | D:2      | Reached skill level 1 in Ice Magic
  1342 | D:2      | Reached skill level 1 in Air Magic
  1342 | D:2      | Reached skill level 1 in Earth Magic
  1342 | D:2      | Reached skill level 1 in Poison Magic
  1342 | D:2      | Reached XP level 4. HP: 26/41 MP: 4/6
  1342 | D:2      | Reached XP level 5. HP: 30/47 MP: 4/7
  1364 | D:2      | Slain by Terence

Illustrated notes

Levels and vault maps discovered:
D:1:      noname_arrival_rooms_in_the_neighbourhood, layout_loops_corners,
          hellmonk_ecumenical_altar_zigzags, minmay_unequal
D:2:      layout_basic, uniq_terence, uniq_sigmund, uniq_jessica

Skill      XL: |  1  2  3 |
---------------+----------+-----
Short Blades   | 1 |  1.7
Long Blades    | 1 |  1.7
Axes           | 1 |  1.7
Maces & Flails | 1 |  1.7
Polearms       | 1 |  1.7
Ranged Weapons | 1 |  1.7
Throwing       | 1 |  1.7
Armour         | 1 |  1.7
Dodging        | 1 |  1.7
Unarmed Combat | 1 |  1.7
Spellcasting   | 1 |  1.7
Invocations    | 1 |  1.9
Evocations     | 1 |  1.7
Conjurations   | 1 |  1.3
Hexes          | 1 |  1.3
Summonings     | 1 |  1.3
Necromancy     | 1 |  1.3
Translocations | 1 |  1.3
Transmutations | 1 |  1.3
Fire Magic     | 1 |  1.3
Ice Magic      | 1 |  1.3
Air Magic      | 1 |  1.3
Earth Magic    | 1 |  1.3
Poison Magic   | 1 |  1.3
Fighting       | |  6.7
Staves         | |  6.7
Stealth        | |  4.5
Shields        | |  4.9

Action                   |  1- 3 |  4- 6 || total
-------------------------+-------+-------++-------
Melee: Dagger            |    62 |    19 ||    81
       Bite              |     8 |     2 ||    10
Throw: Dart              |     2 |     1 ||     3
Invok: Lunge             |     3 |       ||     3
  Use: Scroll            |     4 |       ||     4
 Stab: Sleeping          |     4 |       ||     4
Armor: Robe              |     9 |       ||     9
Dodge: Dodged            |    18 |    11 ||    29
Block: Buckler           |    21 |     4 ||    25
